 Dungeon Crawl Stone Soup version 0.29.0-4-gdea44cf6ec (webtiles) character file.

Game seed: 166339009687697336

10570 qw the Grappler (level 11, -19/102 HPs)
             Began as a Troll Cinder Acolyte on Aug 31, 2022.
             Was a Believer of Ignis.
             Killed by the air
             ... invoked by Gastronok
              (22 damage)
             ... on level 2 of the Lair of Beasts.
             The game lasted 00:04:40 (8021 turns).

qw the Grappler (Troll Cinder Acolyte)              Turns: 8021, Time: 00:04:40

Health: -19/102    AC: 15    Str: 28    XL:     11   Next: 37%
Magic:  12/12      EV: 12    Int: 10    God:    Ignis [**....]
Gold:   1633       SH:  9    Dex:  5    Spells: 12/12 levels left

rFire   + . .      SeeInvis .     - Unarmed
rCold   + . .      Faith    .   m - +0 kite shield
rNeg    . . .      Spirit   .   g - +0 steam dragon scales
rPois   .          Reflect  .   (helmet restricted)
rElec   .          Harm     .   j - +0 cloak
rCorr   .          Rampage  .   (gloves unavailable)
Will    .....                   (boots unavailable)
Stlth   +.........              (no amulet)
HPRegen 1.07/turn               d - +4 ring of evasion
MPRegen 0.13/turn               h - ring of protection from cold

@: lethally poisoned (-19 -> -19), about to teleport, fiery-armoured, slowed,
very slow
A: large, unfitting armour, claws 3, regeneration 1, shaggy fur 1, tough skin 1,
high MP 1, subdued magic 1
a: Renounce Religion, Fiery Armour, Foxfire Swarm, Rising Flame


You were on level 2 of the Lair of Beasts.
You worshipped Ignis.
Ignis was pleased with you.
You visited 2 branches of the dungeon, and saw 10 of its levels.

You collected 1633 gold pieces.


Innate Abilities, Weirdness & Mutations

You are too large for most types of armour.
You have claws for hands.
Your natural rate of healing is unusually fast.
You are covered in fur. (AC +1)
You have tough skin. (AC +1)
You have an increased reservoir of magic. (+10% MP)
Your spells are a little easier to cast, but a little less powerful.


   Skills:
 - Level 5.0 Fighting
 - Level 1.8 Throwing
 - Level 2.5 Armour
 - Level 1.0 Dodging
 - Level 10.0 Shields
 + Level 13.0 Unarmed Combat
 - Level 1.0 Spellcasting
 - Level 2.1 Fire Magic


You had 12 spell levels left.
You didn't know any spells.
Your spell library contained the following spells:

 Spells                   Type           Power      Damage    Failure   Level
 Scorch                   Fire           6%         2d5       32%         2

Inventory:

Missiles
 o - 6 boomerangs (quivered)
Armour
 g - +0 steam dragon scales (worn)
 j - a +0 cloak (worn)
 m - a +0 kite shield (worn)
Jewellery
 d - a +4 ring of evasion (left claw)
 h - a ring of protection from cold (right claw)
 p - a ring of willpower
Scrolls
 i - 4 scrolls of identify
 l - a scroll of teleportation
Potions
 b - 2 potions of curing
 c - a potion of haste
 e - a potion of mutation
 f - a potion of might

Dungeon Overview and Level Annotations

Branches:
Dungeon (8/15)             Temple (0/1) D:7            Lair (2/5) D:8
  Swamp: Lair:2-3    Shoals: Lair:2-3     Snake: Lair:2-3    Spider: Lair:2-3

Altars:
Cheibriados
Elyvilon
Fedhas
Gozag
Kikubaaqudgha
Nemelex Xobeh
Okawaru
Ru
Sif Muna
Trog
Uskayaw
Zin

Shops:
D:3 [

Annotations:
Lair:2 Gastronok


Message History

The water moccasin is severely wounded.
You block the bat's attack. x2; The water moccasin bites you. x2
You are poisoned.
The water moccasin poisons you!
The river rat bites you but does no damage.
Gastronok waves his eye-stalks in wide circles.
The air twists around and strikes you!! The bat hits you but does no damage.
8018 ||| INVOKING Fiery Armour.
A protective cloak of flame settles atop you.
You feel very sick. The bat hits you but does no damage.
The bat is burned by your cloak of flames.
You kill the bat!
The bat's corpse disappears in a puff of smoke!
The water moccasin barely misses you.
The water moccasin bites you but does no damage.
The water moccasin is burned by your cloak of flames.
The water moccasin is almost dead.
The river rat bites you but does no damage.
The river rat is burned by your cloak of flames.
The river rat is heavily wounded.
You block the water moccasin's attack.
You scratch the water moccasin.
You kill the water moccasin!
You feel sick. You block the river rat's attack.
Gastronok waves his eye-stalks in wide circles.
The air twists around and strikes you!! The river rat misses you.
8020 ||| READING 2 scrolls of teleportation.
As you read the scroll of teleportation, it crumbles to dust.
You feel strangely unstable.
You feel very sick.
The river rat bites you but does no damage.
The river rat is burned by your cloak of flames.
The river rat is almost dead.
You scratch the river rat but do no damage.
The river rat is almost dead.
You feel sick. The river rat misses you.
Gastronok waves his eye-stalks in wide circles.
The air twists around and strikes you!!
You die...

## ##.#### ...###
#.....## #..+P#.
####.#PP..# ......
##P........# #.....
#.....#.#.### #.....
#.#.#.#.#..#### #.....
#...@r#.....P###.....
#.#.#.#w####....'.....
..#.#...##.###.#.....
..=#.#.#.#.###
######.+ .#.......#..#
##... #.#.#.#.#.#.#
#..#. .#.#.#.#...##
###...# ..#.#.#b#.#.#
#.....# .#...#.#.#...#
#......


You could see Gastronok (swift) and a river rat (summoned).

Vanquished Creatures
  2 hydras (Lair:1)
  2 black mambas
  4 cane toads
  A rime drake (Lair:1)
  3 komodo dragons
  3 wyverns
  A wraith (D:8)
  10 yaks
  A steam dragon (D:8)
  5 water moccasins
  A sky beast (D:8)
  2 orc warriors
  4 ice beasts
  3 wolves (Lair:1)
  2 centaurs
  3 ogres
  A kobold brigand (D:7)
  8 bullfrogs
  3 necrophages
  2 gnoll sergeants
  3 scorpions
  13 wights
  3 howler monkeys (D:7)
  6 orc priests
  2 hounds (D:5)
  A gnoll bouda (D:8)
  3 jellies
  Ijyb (D:3)
  Terence (D:3)
  3 orc wizards
  Robin (D:3)
  13 gnolls
  7 adders
  2 white imps
  An ufetubus (D:7)
  2 worms
  3 dart slugs
  23 orcs
  8 ball pythons
  6 bats
  8 endoplasms
  4 giant cockroaches
  10 hobgoblins
  5 quokkas
  2 frilled lizards
  12 goblins
  7 kobolds
  3 rats
214 creatures vanquished.

Vanquished Creatures (others)
  2 fungi
  13 plants (D:8)
15 creatures vanquished.

Grand Total: 229 creatures vanquished

Notes
Turn   | Place    | Note
-------+----------+-------------------------------------------
     0 | D:1      | qw the Troll Cinder Acolyte began the quest for the Orb.
     0 | D:1      | Reached XP level 1. HP: 22/22 MP: 1/1
     0 | D:1      | 0 ||| qw: Version: 0.1-a-97-g2dd2ca4
     0 | D:1      | 0 ||| qw: Game counter: 4604
     0 | D:1      | 0 ||| qw: Always use a shield: true
     0 | D:1      | 0 ||| qw: God list: Okawaru
     0 | D:1      | 0 ||| qw: Allow faded altars: false
     0 | D:1      | 0 ||| qw: Do Orc after D:15 true
     0 | D:1      | 0 ||| qw: Do second Lair branch before Depths: true
     0 | D:1      | 0 ||| qw: Lair rune preference: random
     0 | D:1      | 0 ||| qw: Plans: Normal
     0 | D:1      | 0 ||| PLANNING D:1-11
   151 | D:1      | 151 ||| Stepping ~*~*~tactically~*~*~ (stealth).
   154 | D:1      | 154 ||| Stepping ~*~*~tactically~*~*~ (stealth).
   160 | D:1      | Reached XP level 2. HP: 29/29 MP: 2/2
   235 | D:1      | Found a faded altar of an unknown god.
   270 | D:1      | 270 ||| Stepping ~*~*~tactically~*~*~ (stealth).
   271 | D:1      | 271 ||| Stepping ~*~*~tactically~*~*~ (stealth).
   272 | D:1      | 272 ||| Stepping ~*~*~tactically~*~*~ (stealth).
   295 | D:1      | Reached skill level 4 in Unarmed Combat
   506 | D:1      | Reached XP level 3. HP: 36/36 MP: 3/3
   784 | D:1      | 784 ||| UPGRADING to +4 ring of evasion.
   785 | D:1      | 785 ||| UPGRADING to ring of protection from cold.
   786 | D:1      | 786 ||| READING scroll labelled FYANGA XOROUK.
   787 | D:1      | 787 ||| READING scroll labelled YLAICR EBBE.
   788 | D:1      | 788 ||| READING scroll labelled SILUCR FUMN.
  1484 | D:2      | 1484 ||| READING scroll labelled QEIJYSKA XIOPT.
  1485 | D:2      | 1485 ||| READING scroll labelled VUACANU QOQESCH.
  1486 | D:2      | 1486 ||| DRINKING 3 bubbling ruby potions.
  1523 | D:3      | Reached skill level 5 in Unarmed Combat
  1523 | D:3      | Reached XP level 4. HP: 29/44 MP: 4/4
  1641 | D:3      | Noticed Terence
  1656 | D:3      | Killed Terence
  1703 | D:3      | 1703 ||| Stepping ~*~*~tactically~*~*~ (stealth).
  1704 | D:3      | 1704 ||| Stepping ~*~*~tactically~*~*~ (stealth).
  1713 | D:3      | 1713 ||| Stepping ~*~*~tactically~*~*~ (outnumbered).
  1807 | D:3      | Found a bloodstained altar of Trog.
  1837 | D:3      | 1837 ||| Stepping ~*~*~tactically~*~*~ (outnumbered).
  1838 | D:3      | 1838 ||| STAIRDANCE
  1842 | D:2      | 1842 ||| DRINKING 2 murky orange potions.
  1843 | D:2      | 1843 ||| DRINKING 2 fuming coppery potions.
  1844 | D:2      | 1844 ||| DROPPING potion of attraction.
  2001 | D:3      | Found Ahitotob's Armour Emporium.
  2027 | D:3      | Reached XP level 5. HP: 50/50 MP: 5/5
  2030 | D:3      | Noticed Robin
  2037 | D:3      | 2037 ||| Stepping ~*~*~tactically~*~*~ (outnumbered).
  2038 | D:3      | 2038 ||| Stepping ~*~*~tactically~*~*~ (outnumbered).
  2039 | D:3      | 2039 ||| Stepping ~*~*~tactically~*~*~ (outnumbered).
  2042 | D:3      | 2042 ||| Stepping ~*~*~tactically~*~*~ (outnumbered).
  2058 | D:3      | Killed Robin
  2097 | D:3      | Noticed Ijyb
  2106 | D:3      | Killed Ijyb
  2107 | D:3      | Reached skill level 6 in Unarmed Combat
  2229 | D:3      | 2229 ||| Stepping ~*~*~tactically~*~*~ (hiding).
  2384 | D:3      | Found a glowing silver altar of Zin.
  2592 | D:4      | 2592 ||| Stepping ~*~*~tactically~*~*~ (stealth).
  2608 | D:4      | 2608 ||| Stepping ~*~*~tactically~*~*~ (stealth).
  2758 | D:4      | Reached XP level 6. HP: 59/59 MP: 6/6
  2884 | D:4      | Reached skill level 7 in Unarmed Combat
  3218 | D:4      | 3218 ||| READING 2 scrolls labelled GOUTINL XAHOE.
  3219 | D:4      | 3219 ||| READING scroll labelled XERUJA SIFUARGH.
  3220 | D:4      | 3220 ||| DRINKING 2 pink potions.
  3220 | D:4      | Gained mutation: Your spells are a little easier to cast,
                  | but a little less powerful. [potion of mutation]
  3220 | D:4      | Gained mutation: You have an increased reservoir of magic.
                  | (+10% MP) [potion of mutation]
  3230 | D:4      | 3230 ||| DRINKING 2 inky potions.
  3231 | D:4      | 3231 ||| DROPPING scroll of blinking.
  3247 | D:5      | Entered Level 5 of the Dungeon
  3250 | D:5      | 3250 ||| STAIRDANCE
  3326 | D:5      | Reached skill level 8 in Unarmed Combat
  3326 | D:5      | Reached XP level 7. HP: 66/66 MP: 8/8
  3339 | D:5      | Reached skill level 3 in Fighting
  3670 | D:5      | 3670 ||| Stepping ~*~*~tactically~*~*~ (outnumbered).
  3673 | D:5      | 3673 ||| Stepping ~*~*~tactically~*~*~ (outnumbered).
  3677 | D:5      | 3677 ||| Stepping ~*~*~tactically~*~*~ (outnumbered).
  3678 | D:5      | 3678 ||| INVOKING Fiery Armour.
  3687 | D:5      | 3687 ||| Stepping ~*~*~tactically~*~*~ (outnumbered).
  3690 | D:5      | HP: 15/67 [gnoll sergeant/+3 vorpal spear (2)]
  3691 | D:5      | 3691 ||| READING 3 scrolls of teleportation.
  3752 | D:5      | 3752 ||| Stepping ~*~*~tactically~*~*~ (stealth).
  3929 | D:5      | Found an opulent altar of Gozag.
  3933 | D:5      | Reached skill level 9 in Unarmed Combat
  3974 | D:5      | Found a sparkling altar of Nemelex Xobeh.
  3977 | D:5      | Found a sacrificial altar of Ru.
  3977 | D:5      | Found a blossoming altar of Fedhas.
  3984 | D:5      | Found a snail-covered altar of Cheibriados.
  4056 | D:5      | Reached skill level 1 in Throwing
  4341 | D:5      | 4341 ||| UPGRADING to +0 cloak.
  4346 | D:5      | 4346 ||| UPGRADING to +0 kite shield.
  4351 | D:5      | 4351 ||| DROPPING ring of flight.
  4352 | D:5      | 4352 ||| READING 3 scrolls of identify.
  4352 | D:5      | 4352 ||| IDENTIFYING green potion
  4353 | D:5      | 4353 ||| READING 2 scrolls of identify.
  4353 | D:5      | 4353 ||| IDENTIFYING silvery potion
  4354 | D:5      | 4354 ||| DROPPING potion of ambrosia.
  4355 | D:5      | 4355 ||| DROPPING potion of lignification.
  4401 | D:6      | 4401 ||| Stepping ~*~*~tactically~*~*~ (hiding).
  4402 | D:6      | 4402 ||| Stepping ~*~*~tactically~*~*~ (hiding).
  4403 | D:6      | 4403 ||| INVOKING Fiery Armour.
  4406 | D:6      | 4406 ||| Stepping ~*~*~tactically~*~*~ (outnumbered).
  4407 | D:6      | 4407 ||| Stepping ~*~*~tactically~*~*~ (outnumbered).
  4407 | D:6      | Found a shimmering blue altar of Sif Muna.
  4408 | D:6      | 4408 ||| Stepping ~*~*~tactically~*~*~ (outnumbered).
  4409 | D:6      | 4409 ||| Stepping ~*~*~tactically~*~*~ (outnumbered).
  4410 | D:6      | 4410 ||| Stepping ~*~*~tactically~*~*~ (outnumbered).
  4411 | D:6      | 4411 ||| Stepping ~*~*~tactically~*~*~ (outnumbered).
  4412 | D:6      | 4412 ||| Stepping ~*~*~tactically~*~*~ (hiding).
  4414 | D:6      | 4414 ||| Stepping ~*~*~tactically~*~*~ (hiding).
  4416 | D:6      | 4416 ||| Stepping ~*~*~tactically~*~*~ (hiding).
  4417 | D:6      | 4417 ||| Stepping ~*~*~tactically~*~*~ (outnumbered).
  4418 | D:6      | 4418 ||| Stepping ~*~*~tactically~*~*~ (outnumbered).
  4419 | D:6      | 4419 ||| Stepping ~*~*~tactically~*~*~ (hiding).
  4420 | D:6      | 4420 ||| Stepping ~*~*~tactically~*~*~ (hiding).
  4422 | D:6      | Reached skill level 1 in Shields
  4422 | D:6      | Reached XP level 8. HP: 75/75 MP: 9/9
  4424 | D:6      | 4424 ||| Stepping ~*~*~tactically~*~*~ (hiding).
  4450 | D:6      | Reached skill level 3 in Shields
  4479 | D:6      | 4479 ||| Stepping ~*~*~tactically~*~*~ (hiding).
  4489 | D:6      | 4489 ||| Stepping ~*~*~tactically~*~*~ (stealth).
  4490 | D:6      | 4490 ||| Stepping ~*~*~tactically~*~*~ (stealth).
  4544 | D:6      | 4544 ||| Stepping ~*~*~tactically~*~*~ (stealth).
  4633 | D:6      | Found a hide-covered altar of Uskayaw.
  4691 | D:6      | Found an ancient bone altar of Kikubaaqudgha.
  4812 | D:6      | 4812 ||| READING scroll labelled MOCWOAQADDE.
  4813 | D:6      | 4813 ||| READING 2 scrolls labelled WOD KEPPOCSAOLI.
  4848 | D:6      | 4848 ||| READING scroll labelled JEPEESTRY HIAKO.
  4849 | D:6      | 4849 ||| DRINKING 2 fizzy yellow potions.
  4850 | D:6      | 4850 ||| DROPPING scroll of torment.
  4871 | D:7      | 4871 ||| STAIRDANCE
  4921 | D:7      | 4921 ||| Stepping ~*~*~tactically~*~*~ (stealth).
  4926 | D:7      | 4926 ||| Stepping ~*~*~tactically~*~*~ (stealth).
  4928 | D:7      | 4928 ||| Stepping ~*~*~tactically~*~*~ (stealth).
  4937 | D:7      | Reached skill level 6 in Shields
  4946 | D:7      | 4946 ||| Stepping ~*~*~tactically~*~*~ (stealth).
  4953 | D:7      | 4953 ||| Stepping ~*~*~tactically~*~*~ (outnumbered).
  4960 | D:7      | Reached XP level 9. HP: 68/81 MP: 10/10
  4961 | D:7      | 4961 ||| FLEEEEING.
  5123 | D:7      | Found a white marble altar of Elyvilon.
  5159 | D:7      | 5159 ||| Stepping ~*~*~tactically~*~*~ (stealth).
  5165 | D:7      | 5165 ||| Stepping ~*~*~tactically~*~*~ (stealth).
  5180 | D:7      | Reached skill level 1 in Dodging
  5270 | D:7      | 5270 ||| Stepping ~*~*~tactically~*~*~ (hiding).
  5286 | D:7      | 5286 ||| FLEEEEING.
  5287 | D:7      | 5287 ||| FLEEEEING.
  5288 | D:7      | 5288 ||| FLEEEEING.
  5289 | D:7      | 5289 ||| FLEEEEING.
  5290 | D:7      | 5290 ||| FLEEEEING.
  5291 | D:7      | 5291 ||| FLEEEEING.
  5292 | D:7      | 5292 ||| FLEEEEING.
  5293 | D:7      | 5293 ||| FLEEEEING.
  5294 | D:7      | 5294 ||| FLEEEEING.
  5299 | D:7      | 5299 ||| FLEEEEING.
  5304 | D:7      | 5304 ||| FLEEEEING.
  5305 | D:7      | 5305 ||| FLEEEEING.
  5354 | D:7      | Reached skill level 10 in Unarmed Combat
  5377 | D:7      | Found a staircase to the Ecumenical Temple.
  5476 | D:7      | 5476 ||| Stepping ~*~*~tactically~*~*~ (hiding).
  5484 | D:7      | 5484 ||| INVOKING Fiery Armour.
  5760 | D:7      | 5760 ||| UPGRADING to +1 robe of the Archmagi.
  5770 | D:7      | 5770 ||| DROPPING +0 robe.
  5771 | D:7      | 5771 ||| READING scroll labelled TUAKUO APINOPO.
  5872 | D:7      | 5872 ||| READING 2 scrolls of identify.
  5872 | D:7      | 5872 ||| IDENTIFYING ruby potion
  5873 | D:7      | 5873 ||| DROPPING potion of magic.
  6137 | D:8      | 6137 ||| INVOKING Fiery Armour.
  6178 | D:8      | Found an iron altar of Okawaru.
  6222 | D:8      | 6222 ||| Stepping ~*~*~tactically~*~*~ (outnumbered).
  6223 | D:8      | 6223 ||| Stepping ~*~*~tactically~*~*~ (outnumbered).
  6226 | D:8      | 6226 ||| Stepping ~*~*~tactically~*~*~ (outnumbered).
  6336 | D:8      | 6336 ||| Stepping ~*~*~tactically~*~*~ (hiding).
  6470 | D:8      | 6470 ||| INVOKING Fiery Armour.
  6472 | D:8      | Reached XP level 10. HP: 48/92 MP: 11/11
  6606 | D:8      | Found a staircase to the Lair.
  6624 | D:8      | Reached skill level 11 in Unarmed Combat
  6759 | D:8      | 6759 ||| Stepping ~*~*~tactically~*~*~ (stealth).
  6785 | D:8      | 6785 ||| FLEEEEING.
  6786 | D:8      | 6786 ||| FLEEEEING.
  6787 | D:8      | 6787 ||| FLEEEEING.
  6788 | D:8      | 6788 ||| FLEEEEING.
  6789 | D:8      | 6789 ||| FLEEEEING.
  6790 | D:8      | 6790 ||| FLEEEEING.
  6791 | D:8      | 6791 ||| FLEEEEING.
  6792 | D:8      | 6792 ||| STAIRDANCE
  6815 | D:7      | 6815 ||| UPGRADING to +0 steam dragon scales.
  6825 | D:7      | 6825 ||| DROPPING +1 robe of the Archmagi.
  6826 | D:7      | 6826 ||| READING scroll labelled XIUDGH OSCHAQ.
  6826 | D:7      | Identified a scroll of acquirement
  6826 | D:7      | 6826 ||| ACQUIRING 845 gold pieces
  6826 | D:7      | Acquired 845 gold pieces
  6828 | D:7      | 6828 ||| READING 2 scrolls labelled HOSILUOHIF.
  6829 | D:7      | 6829 ||| DROPPING scroll of fog.
  6837 | D:8      | Reached skill level 1 in Armour
  6859 | D:8      | 6859 ||| PLANNING LAIR
  6902 | Lair:1   | Entered Level 1 of the Lair of Beasts
  6954 | Lair:1   | Noticed a black mamba
  6959 | Lair:1   | Killed a black mamba
  6960 | Lair:1   | Reached skill level 9 in Shields
  7156 | Lair:1   | 7156 ||| Stepping ~*~*~tactically~*~*~ (outnumbered).
  7160 | Lair:1   | 7160 ||| INVOKING Fiery Armour.
  7164 | Lair:1   | HP: 13/92 [komodo dragon (20)]
  7165 | Lair:1   | 7165 ||| READING 3 scrolls of teleportation.
  7166 | Lair:1   | 7166 ||| DRINKING potion of heal wounds.
  7168 | Lair:1   | Reached skill level 12 in Unarmed Combat
  7259 | Lair:1   | 7259 ||| Stepping ~*~*~tactically~*~*~ (outnumbered).
  7261 | Lair:1   | 7261 ||| INVOKING Fiery Armour.
  7262 | Lair:1   | 7262 ||| Stepping ~*~*~tactically~*~*~ (outnumbered).
  7263 | Lair:1   | 7263 ||| Stepping ~*~*~tactically~*~*~ (outnumbered).
  7264 | Lair:1   | 7264 ||| Stepping ~*~*~tactically~*~*~ (outnumbered).
  7265 | Lair:1   | 7265 ||| Stepping ~*~*~tactically~*~*~ (outnumbered).
  7266 | Lair:1   | 7266 ||| Stepping ~*~*~tactically~*~*~ (outnumbered).
  7271 | Lair:1   | 7271 ||| Stepping ~*~*~tactically~*~*~ (outnumbered).
  7274 | Lair:1   | 7274 ||| Stepping ~*~*~tactically~*~*~ (outnumbered).
  7275 | Lair:1   | 7275 ||| Stepping ~*~*~tactically~*~*~ (outnumbered).
  7276 | Lair:1   | 7276 ||| Stepping ~*~*~tactically~*~*~ (outnumbered).
  7277 | Lair:1   | 7277 ||| Stepping ~*~*~tactically~*~*~ (outnumbered).
  7281 | Lair:1   | 7281 ||| Stepping ~*~*~tactically~*~*~ (outnumbered).
  7282 | Lair:1   | 7282 ||| Stepping ~*~*~tactically~*~*~ (outnumbered).
  7283 | Lair:1   | 7283 ||| Stepping ~*~*~tactically~*~*~ (outnumbered).
  7284 | Lair:1   | 7284 ||| Stepping ~*~*~tactically~*~*~ (outnumbered).
  7285 | Lair:1   | 7285 ||| Stepping ~*~*~tactically~*~*~ (outnumbered).
  7286 | Lair:1   | 7286 ||| Stepping ~*~*~tactically~*~*~ (outnumbered).
  7287 | Lair:1   | 7287 ||| Stepping ~*~*~tactically~*~*~ (outnumbered).
  7288 | Lair:1   | 7288 ||| Stepping ~*~*~tactically~*~*~ (outnumbered).
  7289 | Lair:1   | 7289 ||| Stepping ~*~*~tactically~*~*~ (outnumbered).
  7290 | Lair:1   | 7290 ||| Stepping ~*~*~tactically~*~*~ (outnumbered).
  7417 | Lair:1   | Noticed a five-headed hydra
  7418 | Lair:1   | 7418 ||| INVOKING Fiery Armour.
  7424 | Lair:1   | Killed an eight-headed hydra
  7425 | Lair:1   | Reached XP level 11. HP: 89/102 MP: 12/12
  7575 | Lair:1   | Noticed a five-headed hydra
  7576 | Lair:1   | 7576 ||| INVOKING Fiery Armour.
  7582 | Lair:1   | Killed a seven-headed hydra
  7583 | Lair:1   | Reached skill level 13 in Unarmed Combat
  7710 | Lair:1   | 7710 ||| READING scroll labelled BOPTUQA QYRIUR.
  7746 | Lair:2   | 7746 ||| STAIRDANCE
  7995 | Lair:2   | Noticed Gastronok
  8006 | Lair:2   | 8006 ||| Stepping ~*~*~tactically~*~*~ (outnumbered).
  8008 | Lair:2   | 8008 ||| Stepping ~*~*~tactically~*~*~ (outnumbered).
  8009 | Lair:2   | 8009 ||| Stepping ~*~*~tactically~*~*~ (outnumbered).
  8010 | Lair:2   | 8010 ||| Stepping ~*~*~tactically~*~*~ (outnumbered).
  8012 | Lair:2   | 8012 ||| Stepping ~*~*~tactically~*~*~ (outnumbered).
  8018 | Lair:2   | 8018 ||| INVOKING Fiery Armour.
  8019 | Lair:2   | HP: 4/102 [Gastronok/the air (32)]
  8020 | Lair:2   | 8020 ||| READING 2 scrolls of teleportation.
  8021 | Lair:2   | Killed from afar by Gastronok

Levels and vault maps discovered:
D:1:      dpeg_arrival_signposts, layout_basic,
          chequers_ecumenical_altar_twisty, minmay_misc_feat_x,
          minmay_indecisive_spiral
D:2:      layout_loops_ring
D:3:      layout_loops_ring, mainiacjoe_overflow_catch_the_wave, serial_shops,
          nicolae_shop_trees, uniq_terence, uniq_ijyb, uniq_robin
D:4:      layout_basic
D:5:      nicolae_cairo_tiling_large, layout_basic,
          nicolae_overflow_hallway_of_the_gods
D:6:      layout_rooms, amcnicky_altar_gilded,
          mainiacjoe_overflow_concentric_impassable, mainiacjoe_overflow_paths
D:7:      layout_loops_ring, mainiacjoe_overflow_boulevard,
          minmay_temple_entry_wispy, kennysheep_pointless_box, nicolae_sextant
D:8:      layout_loops_ring, kennysheep_mini, david_lair_shrubbed
Lair:1:   layout_big_grid, guppyfry_lair_drakes
Lair:2:   layout_roguey, swamp_mist, minivault_23, uniq_gastronok

Skill      XL: |  1  2  3  4  5  6  7  8  9 10 11 |
---------------+----------------------------------+-----
Unarmed Combat | 4 5 6 8 9 10 12 13 | 13.0
Fighting       | 3 4 5 |  5.0
Throwing       | 1 |  1.8
Shields        | 1 6 8 9 10 | 10.0
Dodging        | 1 |  1.0
Armour         | 1 2 |  2.5
Spellcasting   | |  1.0
Fire Magic     | |  2.1

Action                   |  1- 3 |  4- 6 |  7- 9 | 10-12 || total
-------------------------+-------+-------+-------+-------++-------
Melee: Unarmed           |    98 |   115 |   277 |   196 ||   686
       Punch             |       |     2 |     2 |       ||     4
Throw: Boomerang         |       |    28 |    30 |    36 ||    94
Invok: Fiery Armour      |       |       |     5 |     5 ||    10
  Use: Scroll            |     5 |     2 |     8 |     5 ||    20
       Potion            |     1 |     4 |     1 |     1 ||     7
Armor: Robe              |    20 |    16 |    48 |     4 ||    88
       Steam dragon scal |       |       |       |    66 ||    66
Dodge: Dodged            |    37 |    56 |   114 |    92 ||   299
Block: Kite shield       |       |       |    74 |    84 ||   158

Table legend:
 A = Non-vault XP
 B = Vault XP
 C = Vault XP percentage of total XP
 D = Non-vault monster count
 E = Vault monster count
 F = Vault count percentage of total count
                 A         B        C        D         E       F
            +---------+---------+-------+---------+---------+-------
      Total |   14577 |     524 |   3.5 |     194 |      20 |   9.3
            +---------+---------+-------+---------+---------+-------
        D:1 |      34 |       8 |  19.0 |      19 |       4 |  17.4
        D:2 |      38 |       0 |   0.0 |      15 |       0 |   0.0
        D:3 |      78 |     110 |  58.5 |      16 |      14 |  46.7
        D:4 |     356 |       0 |   0.0 |      17 |       0 |   0.0
        D:5 |     732 |       0 |   0.0 |      16 |       0 |   0.0
        D:6 |    1009 |       0 |   0.0 |      21 |       0 |   0.0
        D:7 |    1641 |       0 |   0.0 |      32 |       0 |   0.0
        D:8 |    2888 |     316 |   9.9 |      30 |       1 |   3.2
     Lair:1 |    6460 |      90 |   1.4 |      23 |       1 |   4.2
     Lair:2 |    1341 |       0 |   0.0 |       5 |       0 |   0.0
            +---------+---------+-------+---------+---------+-------
